 Dungeon Crawl Stone Soup version 0.20.0-15-g7f486f2 (webtiles) character file.

847 Phantomfrettchen the Twirler (level 7, -10/54 HPs)
             Began as a Demonspawn Chaos Knight on June 20, 2017.
             Shot with an arrow by a centaur (12 damage)
             ... on level 5 of the Dungeon.
             The game lasted 00:18:11 (3952 turns).

Phantomfrettchen the Twirler (DsCK)                 Turns: 3952, Time: 00:18:12

Health: -10/54     AC:  9    Str: 13    XL:     7   Next: 68%
Magic:  8/8        EV: 14    Int: 13    God:    Xom [.....*]
Gold:   255        SH:  0    Dex: 17    Spells: 7/8 levels left

rFire    . . .     SeeInvis .   y - +0 shortbow (flame)
rCold    + . .     Gourm    .   (shield currently unavailable)
rNeg     . . .     Faith    .   a - +2 leather armour
rPois    .         Spirit   .   (no helmet)
rElec    .         Reflect  .   l - +0 cloak
rCorr    .         Harm     .   (no gloves)
MR       .....                  u - +0 pair of boots
Stlth    ++........             (no amulet)
Regen    0.2/turn               p - +3 ring of dexterity
MPRegen  0.2/turn               o - ring of protection from cold

@: no status effects
A: claws 1, yellow scales 1, mutation resistance 1, powered by pain 2
a: Renounce Religion


You were on level 5 of the Dungeon.
You worshipped Xom.
You were Xom's teddy bear.
You were not hungry.

You visited 1 branch of the dungeon, and saw 5 of its levels.

You collected 255 gold pieces.

Inventory:

Hand Weapons
 j - a +4 quarterstaff of chaos
 n - a +1 flail of draining
 y - a +0 shortbow of flaming (weapon)
Missiles
 h - 29 poisoned needles
 z - 11 arrows (quivered)
Armour
 a - a +2 leather armour (worn)
 l - a +0 cloak (worn)
 u - a +0 pair of boots (worn)
Jewellery
 e - an uncursed ring of protection from fire
 o - a ring of protection from cold (right claw)
 p - a +3 ring of dexterity (left claw)
Wands
 s - a wand of confusion (27/48)
Scrolls
 d - 3 scrolls of identify
 k - a scroll of noise {unknown}
 m - a scroll of enchant weapon
 q - 2 scrolls of fear {unknown}
 r - 2 scrolls of recharging {unknown}
 t - a scroll of remove curse
 w - a scroll of random uselessness {unknown}
Potions
 x - a potion of brilliance {unknown}
Books
 v - a book of Changes

   Spells                             Type                      Level
   a - Beastly Appendage              Transmutation                1
   b - Sticks to Snakes               Transmutation                2
   c - Spider Form                    Transmutation/Poison         3
   d - Ice Form                       Ice/Transmutation            4
   e - Blade Hands                    Transmutation                5
Comestibles
 b - 2 bread rations
 c - 7 fruits
 f - a meat ration
 g - a royal jelly
 i - 7 chunks of flesh


   Skills:
 - Level 4.3 Fighting
 - Level 4.3 Staves
 * Level 3.3 Armour
 - Level 4.0 Dodging
 - Level 1.2 Stealth
 - Level 3.0 Unarmed Combat
 * Level 1.1 Spellcasting
 * Level 1.1 Transmutations


You had 7 spell levels left.
You knew the following spells:

 Your Spells              Type           Power        Failure   Level  Hunger
a - Beastly Appendage     Tmut           #.....       22%         1    ##.....


Dungeon Overview and Level Annotations

Branches:
Dungeon (5/15)             Temple (0/1) D:5

Altars:
Elyvilon
Gozag
Kikubaaqudgha
Nemelex Xobeh
Uskayaw
Xom


Innate Abilities, Weirdness & Mutations

You have sharp fingernails.
You are partially covered in yellow scales. (AC +2)
You sometimes gain power by taking damage.
You are somewhat resistant to further mutation.


Message History

"There, this looks better."
Your +0 shortbow of flaming bursts into flame!
y - a +0 shortbow of flaming (weapon)
A centaur comes into view.
The centaur shouts!
The centaur wields a shortbow.
The centaur shoots an arrow.
The arrow barely misses you.
You see here an arrow.
An orc comes into view.
The centaur shoots an arrow.
The arrow hits you.
* * * LOW HITPOINT WARNING * * *
The centaur shoots an arrow.
The arrow hits you but does no damage.
A sky beast and an orc wizard come into view.
The orc wizard is wielding a dagger of venom.
You see here 2 arrows.
The centaur shoots an arrow.
The arrow hits you but does no damage.
You see here an arrow.
The centaur shoots an arrow.
The arrow hits you!
You die...
Xom is highly amused!

##....# #########....# ..
#...>...#.(c## #.#
#.......###(.## ..###
#.#...#.# ##..## #....##
#.......# ##...## ##.......
#.......###.....###........
#.#...#.##....(..#.....#
#.......#....@.....%...#
#.......#..............#
..##.#...#.#........#.....#
.#.#.......#........##.....#
...#.......#.........##..>...
...#.#...#.#..................
..##.......#.............####.
.# #.......######........# #
#.##.#..(.# ##.......#


You could see a centaur.

Vanquished Creatures
  The ghost of Zaque the Insei, an amateur OpTm (D:4)
  2 centaurs (D:5)
  2 scorpions
  A howler monkey (D:4)
  2 orc priests
  Crazy Yiuf (D:2)
  Terence (D:3)
  An iguana (D:4)
  An orc wizard (D:4)
  2 worker ants (D:5)
  A hound skeleton (D:4)
  5 adders
  An ooze (D:1)
  2 dart slugs
  2 leopard geckos
  9 orcs
  A giant cockroach (D:2)
  9 hobgoblins
  18 jackals
  2 quokkas
  A ball python (D:3)
  9 bats
  4 frilled lizards
  7 goblins
  A jackal skeleton (D:5)
  5 kobolds
  A leopard gecko skeleton (D:4)
  A quokka skeleton (D:5)
  3 rats
96 creatures vanquished.

Vanquished Creatures (others)
  An orc priest (D:4)
  3 orc wizards
  An adder (D:4)
  2 orcs
7 creatures vanquished.

Grand Total: 103 creatures vanquished

Notes
Turn   | Place    | Note
-------+----------+-------------------------------------------
     0 | D:1      | Phantomfrettchen the Demonspawn Chaos Knight began the quest for the Orb.
     0 | D:1      | Reached XP level 1. HP: 18/18 MP: 1/1
   176 | D:1      | XOM: potion effect (heal wounds)
   202 | D:1      | XOM: cast spell 'Summon Butterflies'
   207 | D:1      | XOM: divination: magic mapping
   212 | D:1      | Reached skill level 1 in Dodging
   212 | D:1      | Gained mutation: You are partially covered in yellow scales. (AC +2) [demonic ancestry]
   212 | D:1      | Reached XP level 2. HP: 7/24 MP: 2/2
   361 | D:1      | XOM: harmless Fire miscast
   660 | D:1      | Reached skill level 1 in Stealth
   863 | D:2      | Found an opulent altar of Gozag.
   930 | D:2      | HP: 1/24 [leopard gecko (5)]
   932 | D:2      | Gained mutation: You sometimes gain a little power by taking damage. [demonic ancestry]
   932 | D:2      | Reached XP level 3. HP: 2/29 MP: 3/3
   990 | D:2      | XOM: silly message
  1624 | D:2      | Found a runed door.
  1630 | D:2      | XOM: mild Hex miscast
  1635 | D:2      | XOM: harmless Hex miscast
  1658 | D:2      | Noticed Crazy Yiuf
  1660 | D:2      | XOM: harmless Ice miscast
  1665 | D:2      | XOM: harmless Summ miscast
  1673 | D:2      | Killed Crazy Yiuf
  1673 | D:2      | Gained mutation: You sometimes gain power by taking damage. [demonic ancestry]
  1673 | D:2      | Reached XP level 4. HP: 32/35 MP: 4/4
  1721 | D:2      | XOM: silly message
  1771 | D:3      | XOM: smoke on damage
  1825 | D:3      | XOM: scenery: create altars
  1828 | D:3      | Found a faded altar of an unknown god.
  1912 | D:3      | Found an ancient bone altar of Kikubaaqudgha.
  1960 | D:3      | Reached skill level 1 in Staves
  1973 | D:3      | XOM: butterfly on damage
  1985 | D:3      | Gained mutation: You have sharp fingernails. [demonic ancestry]
  1985 | D:3      | Reached XP level 5. HP: 29/41 MP: 5/5
  2020 | D:3      | Noticed Terence
  2030 | D:3      | XOM: smoke on damage
  2033 | D:3      | Killed Terence
  2042 | D:3      | XOM: harmless Air miscast
  2089 | D:3      | XOM: draining
  2146 | D:3      | Found a sparkling altar of Nemelex Xobeh.
  2308 | D:3      | XOM: 4-stop teleportation journey
  2576 | D:3      | Found a hide-covered altar of Uskayaw.
  2742 | D:3      | XOM: give mutation
  2742 | D:3      | Gained mutation: You are somewhat resistant to further mutation. [Xom's grace]
  2765 | D:4      | Noticed Zaque's ghost (amateur OpTm)
  2780 | D:4      | XOM: confusion
  2784 | D:4      | Killed Zaque's ghost
  2784 | D:4      | Reached XP level 6. HP: 13/47 MP: 6/6
  2898 | D:4      | XOM: fog
  2971 | D:4      | Found a white marble altar of Elyvilon.
  3065 | D:4      | XOM: 1-stop teleportation journey
  3162 | D:4      | XOM: divine lightning
  3183 | D:4      | Reached XP level 7. HP: 25/53 MP: 7/7
  3211 | D:4      | Learned a level 1 spell: Beastly Appendage
  3526 | D:5      | Entered Level 5 of the Dungeon
  3768 | D:5      | XOM: divine lightning
  3771 | D:5      | XOM: polymorph orc wizard -> worker ant
  3856 | D:5      | Found a staircase to the Ecumenical Temple.
  3892 | D:5      | XOM: fake destruction
  3897 | D:5      | Reached skill level 1 in Spellcasting
  3897 | D:5      | Reached skill level 1 in Transmutations
  3908 | D:5      | HP: 2/54 [poisoned by a scorpion]
  3916 | D:5      | HP: 2/54 [poisoned by a scorpion]
  3925 | D:5      | XOM: scenery: create altars
  3946 | D:5      | HP: 1/54 [centaur/arrow (6)]
  3952 | D:5      | Shot with an arrow by a centaur

Skill      XL: |  1  2  3  4  5  6  7 |
---------------+----------------------+-----
Armour         | 2 3 |  3.3
Dodging        | 1 2 3 4 |  4.0
Unarmed Combat | 3 |  3.0
Stealth        | 1 |  1.2
Staves         | 1 4 |  4.3
Fighting       | 4 |  4.3
Spellcasting   | 1 |  1.1
Transmutations | 1 |  1.1

Action                   |  1- 3 |  4- 6 |  7- 9 || total
-------------------------+-------+-------+-------++-------
Melee: Unarmed           |   196 |       |       ||   196
       Punch             |     3 |       |       ||     3
       Quarterstaff      |       |   138 |    45 ||   183
  Use: Scroll            |     5 |       |       ||     5
       Potion            |     6 |     3 |       ||     9
 Stab: Sleeping          |       |     1 |       ||     1
       Paralysed         |       |       |     1 ||     1
  Eat: Chunk             |     3 |     5 |     2 ||    10
Armor: Leather armour    |    73 |    71 |    26 ||   170
Dodge: Dodged            |   133 |   149 |    37 ||   319
